 Dungeon Crawl Stone Soup version 0.21.1-1-g345015f (webtiles) character file.

46 JeffiDaFish the Digger (level 3, -3/19 HPs)
             Began as a Gargoyle Earth Elementalist on June 2, 2018.
             Slain by Terence
             ... wielding a +0 mace
              (4 damage)
             ... on level 2 of the Dungeon.
             The game lasted 00:05:10 (1614 turns).

JeffiDaFish the Digger (GrEE)                       Turns: 1614, Time: 00:05:10

Health: -3/19      AC:  5    Str: 11    XL:     3   Next: 66%
Magic:  1/7        EV: 12    Int: 16    God:
Gold:   105        SH:  0    Dex: 10    Spells: 3/7 levels left

rFire    . . .     SeeInvis .   a - +0 dagger
rCold    . . .     Gourm    .   (no shield)
rNeg     + . .     Faith    .   c - +0 robe
rPois    ∞         Spirit   .   (no helmet)
rElec    +         Reflect  .   (no cloak)
rCorr    .         Harm     .   (no gloves)
MR       .....                  (no boots)
Stlth    ++........             (no amulet)
HPRegen  0.06/turn              (no ring)
MPRegen  0.10/turn              (no ring)

@: very slightly contaminated
A: negative energy resistance 1, electricity resistance, unbreathing,
petrification resistance, rot immunity, AC +3
a: no special abilities


You were on level 2 of the Dungeon.
You were very hungry.

You visited 1 branch of the dungeon, and saw 2 of its levels.

You collected 105 gold pieces.

Inventory:

Hand Weapons
 a - a +0 dagger (weapon)
Missiles
 b - 89 stones (quivered)
Armour
 c - a +0 robe (worn)
Scrolls
 f - 3 scrolls of remove curse
 h - 3 scrolls of identify
Books
 e - a book of Geomancy

   Spells                             Type                      Level
   a - Sandblast                      Earth                        1
   b - Passwall                       Transmutation/Earth          2
   c - Stone Arrow                    Conjuration/Earth            3
   d - Petrify                        Transmutation/Earth          4
   e - Lee's Rapid Deconstruction     Earth                        5
Comestibles
 d - 3 rations


   Skills:
 + Level 1.8 Dodging
 - Level 2.3 Stealth
 * Level 2.8 Spellcasting
   Level 0.7 Transmutations
 * Level 4.4 Earth Magic


You had 3 spell levels left.
You knew the following spells:

 Your Spells              Type           Power        Failure   Level  Hunger
a - Sandblast             Erth           ###...       3%          1    #......
b - Stone Arrow           Conj/Erth      #.....       22%         3    ###....


Dungeon Overview and Level Annotations

Branches:
Dungeon (2/15)

Altars:
Zin

Annotations:
D:2 Terence


Innate Abilities, Weirdness & Mutations

You are resistant to torment.
Your stone body is resilient. (AC +3)
You are immune to poison.
You resist negative energy. (rN+)
You are resistant to electric shocks. (rElec)
You can survive without breathing.
You are immune to petrification.
You are immune to rotting.


Message History

You hit Terence but do no damage.
Terence is lightly wounded.
Terence hits you with a mace.
You hit Terence but do no damage.
Terence is lightly wounded.
You barely miss Terence.
Terence is lightly wounded.
Terence hits you with a mace.
You closely miss Terence.
Terence is lightly wounded.
Terence hits you with a mace.
* * * LOW HITPOINT WARNING * * *
You hit Terence but do no damage.
Terence is lightly wounded.
Terence hits you with a mace.
* * * LOW HITPOINT WARNING * * *
You hit Terence but do no damage.
Terence is lightly wounded.
Terence hits you with a mace.
You die...

#.# #.###
#####.#######....
#>...............
#.############### #.# #
#.# ###### # #.# #....#
######(###....#
#....@@.......+ +.
...........#....# #.
...........#....#### #.
.......####.........#
#. ........#
#.........# #.
.........# #.........#
##
.........####.........#
......................#
......................#


You could see Terence.

Vanquished Creatures
  3 worms (D:2)
  A dart slug (D:1)
  2 leopard geckos (D:1)
  A ball python (D:1)
  3 giant cockroaches
  4 goblins
  3 hobgoblins
  3 jackals (D:1)
  A quokka (D:2)
  6 bats
  2 kobolds (D:1)
29 creatures vanquished.

Notes
Turn   | Place    | Note
-------+----------+-------------------------------------------
     0 | D:1      | JeffiDaFish the Gargoyle Earth Elementalist began the quest for the Orb.
     0 | D:1      | Reached XP level 1. HP: 10/10 MP: 3/3
   537 | D:1      | Reached skill level 4 in Earth Magic
   537 | D:1      | Reached XP level 2. HP: 15/15 MP: 3/5
  1048 | D:1      | Reached XP level 3. HP: 19/19 MP: 4/6
  1184 | D:2      | Found a glowing silver altar of Zin.
  1378 | D:2      | Learned a level 3 spell: Stone Arrow
  1399 | D:2      | Noticed Terence
  1614 | D:2      | Slain by Terence

Skill      XL: |  1 |
---------------+----+-----
Earth Magic    | 4 |  4.4
Dodging        | |  1.8
Stealth        | |  2.3
Spellcasting   | |  2.8
Transmutations | |  0.7

Action                   || total
-------------------------++-------
Melee: Dagger            ||    44
 Cast: Sandblast         ||    54
       Stone Arrow       ||     2
  Use: Scroll            ||     5
       Potion            ||     5
  Eat: Chunk             ||     2
Armor: Robe              ||    64
Dodge: Dodged            ||   120
